AoeStats
← Juanjopaz27

Black Forest

507401983Analyzed
2v2 RM · 13d ago on Sep 18, 2026· 47m 19s· 4 players
Game mode
Random Map
Map size
Medium (4 player)
Population
200
Speed
Normal
Resources
Standard
Victory
Conquest
Starting age
Dark Age
Ending age
Imperial Age
RankedLock teamsTeams togetherTeam positionsShared explorationLock speedFull tech treeHidden civsTurbo modeCheats
Victory
Defeat
🇨🇴 Japanese · Colombia
773
+15
🇨🇴 Italians · Colombia
729
+16
🇦🇷 Teutons · Argentina
740
-15
🇦🇷 Vietnamese · Argentina
722
-15
Betelgeuse
0:39 Loom
13:43 Feudal Age
14:12 Horse Collar
14:24 Double-Bit Axe
17:34 Gold Mining
24:34 Castle Age
22:54 Stone Mining
24:29 Wheelbarrow
25:11 Fletching
25:21 Padded Archer Armor
25:32 Crossbowman
26:18 Thumb Ring
27:26 Leather Archer Armor
27:06 Bodkin Arrow
28:23 Forging
28:14 Scale Mail Armor
27:44 Elite Skirmisher
31:39 Iron Casting
31:19 Chain Mail Armor
30:51 Pikeman
31:35 Town Watch
32:50 Heavy Plow
42:59 Light Cavalry
ViejoPlayerOne
0:36 Loom
11:54 Feudal Age
12:31 Double-Bit Axe
12:31 Horse Collar
15:31 Wheelbarrow
15:45 Stone Mining
15:48 Gold Mining
22:35 Castle Age
22:51 Padded Archer Armor
22:42 Fletching
22:54 Scale Mail Armor
23:04 Forging
23:57 Bow Saw
25:13 Stone Shaft Mining
26:19 Pikeman
26:45 Arson
26:46 Gambesons
27:02 Squires
32:12 Hand Cart
34:33 Imperial Age
32:28 Elite Skirmisher
33:07 Bodkin Arrow
33:28 Leather Archer Armor
33:29 Chain Mail Armor
34:47 Halberdier
35:02 Elite Teutonic Knight
36:12 Bloodlines
36:47 Plate Mail Armor
36:24 Scale Barding Armor
37:24 Two-Man Saw
36:27 Heavy Plow
36:33 Cavalier
37:59 Conscription
41:15 Chain Barding Armor
41:30 Iron Casting
41:28 Ring Archer Armor
42:47 Fortified Wall
42:57 Ballistics
43:38 Chemistry
44:21 Paladin
45:41 Plate Barding Armor
46:08 Blast Furnace
Mathias1493
1:03 Loom
16:22 Feudal Age
19:07 Wheelbarrow
18:57 Horse Collar
19:11 Double-Bit Axe
27:05 Castle Age
25:04 Stone Mining
25:08 Gold Mining
25:30 Fletching
27:22 Forging
28:32 Hand Cart
30:37 Bow Saw
33:52 Heavy Plow
34:46 Bodkin Arrow
34:55 Caravan
35:17 Fortified Wall
38:35 Imperial Age
35:50 Treadmill Crane
37:58 Iron Casting
38:45 Padded Archer Armor
40:22 Chemistry
38:48 Elite Genoese Crossbowman
39:28 Crossbowman
40:15 Thumb Ring
40:59 Crop Rotation
42:56 Pirotechnia
43:48 Bracer
47:08 Blast Furnace
46:14 Scale Barding Armor
Juanjopaz27
8:39 Loom
11:56 Feudal Age
13:14 Horse Collar
13:52 Double-Bit Axe
20:04 Castle Age
18:21 Gold Mining
20:16 Forging
20:25 Arson
21:40 Man-at-Arms
24:32 Wheelbarrow
24:33 Scale Mail Armor
26:57 Gambesons
27:37 Chain Mail Armor
27:44 Heavy Plow
28:30 Iron Casting
28:20 Fletching
28:22 Town Watch
29:25 Padded Archer Armor
30:53 Bodkin Arrow
31:14 Leather Archer Armor
31:44 Elite Skirmisher
32:58 Bow Saw
37:07 Hand Cart
39:17 Gold Shaft Mining
38:33 Stone Mining
39:49 Squires
44:14 Imperial Age
44:20 Imperial Age
43:05 Thumb Ring
44:26 Elite Samurai
46:11 Blast Furnace
45:41 Plate Mail Armor
48:25 Two-Man Saw
Connection lost

Rejoining the realm…

Still unreachable

The connection could not be restored.

Session expired

The server has moved on; the page needs a fresh start.